 Dungeon Crawl Stone Soup version 0.30.1-10-g1249ef9ec4 (webtiles) character file.

Game seed: 9612844112619260360

12821 monsoonserge the Covert (level 11, -11/58 HPs)
             Began as a Spriggan Hunter on Oct 27, 2023.
             Was a Follower of Uskayaw.
             Mangled by a boulder beetle (51 damage)
             ... on level 11 of the Dungeon.
             The game lasted 00:45:06 (12707 turns).

monsoonserge the Covert (Spriggan Hunter)          Turns: 12707, Time: 00:45:07

Health: -11/58     AC:  7    Str:  3    XL:     11   Next: 67%
Magic:  12/15      EV: 32    Int: 10    God:    Uskayaw [*.....]
Gold:   398        SH: 11    Dex: 32    Spells: 12/14 levels left

rFire   + + +        b - +11 dagger of Peace {speed, rElec rF++ rN+}
rCold   . . .        P - +0 buckler
rNeg    + . .        y - +2 robe {rF+}
rPois   .            (helmet restricted)
rElec   +            v - +2 cloak
rCorr   .            (gloves unavailable)
SInv    +            (boots unavailable)
Will    +....        m - amulet of reflection
Stlth   +++++++      x - ring of Ynonotz {rElec rF- Str-4 Dex+8 SInv}
HPRegen 0.29/turn    J - ring of protection from fire
MPRegen 0.14/turn

%: reflection
@: very quick
A: very small, no large weapons, unfitting armour, see invisible, speed 3
a: Renounce Religion, Stomp


You were on level 11 of the Dungeon.
You worshipped Uskayaw.
Uskayaw was noncommittal.
You visited 2 branches of the dungeon, and saw 12 of its levels.
You also visited: Bailey.

You collected 800 gold pieces.
You spent 402 gold pieces at shops.

Inventory:

Hand Weapons
 a - a +0 sling
 b - the +11 dagger of Peace (weapon) {speed, rElec rF++ rN+}
   (You took it off a hobgoblin on level 3 of the Dungeon)

   rF:        It greatly protects you from fire.
   rElec:     It insulates you from electricity.
   rN:        It protects you from negative energy.
Missiles
 r - 2 boomerangs of dispersal
 t - 7 curare-tipped darts
 A - 2 throwing nets
 B - 17 poisoned darts (quivered)
 C - 2 atropa-tipped darts
 O - 6 boomerangs
Armour
 j - a scarf of shadows
 v - a +2 cloak (worn)
 y - a +2 robe of fire resistance (worn)
 P - a +0 buckler (worn)
Magical Staves
 L - a staff of earth
Jewellery
 m - an amulet of reflection (around neck)
 x - the ring of Ynonotz (left hand) {rElec rF- Str-4 Dex+8 SInv}
   (You bought it in a shop on level 5 of the Dungeon)

   [ring of see invisible]

   Str:       It affects your strength (-4).
   Dex:       It affects your dexterity (+8).
   rF:        It makes you vulnerable to fire.
   rElec:     It insulates you from electricity.
   SInv:      It lets you see invisible.
 J - a ring of protection from fire (right hand)
Wands
 u - a wand of roots (38)
 G - a wand of flame (10)
 I - a wand of polymorph (9)
 N - a wand of paralysis (7)
 Q - a wand of digging (5)
Scrolls
 d - 3 scrolls of fear
 e - 10 scrolls of teleportation
 k - 3 scrolls of vulnerability
 o - 3 scrolls of magic mapping {unknown}
 p - a scroll of torment
 q - 4 scrolls of amnesia
 s - 2 scrolls of immolation
 w - a scroll of brand weapon {unknown}
 E - a scroll of acquirement {unknown}
 F - 2 scrolls of poison {unknown}
 K - 4 scrolls of enchant armour
 M - a scroll of enchant weapon {unknown}
Potions
 c - 4 potions of ambrosia
 f - 3 potions of attraction {unknown}
 g - 8 potions of curing
 h - 2 potions of haste
 i - 3 potions of flight
 l - 2 potions of invisibility {unknown}
 n - a potion of might
 z - 2 potions of mutation
 D - a potion of berserk rage {unknown}
 H - 3 potions of heal wounds


   Skills:
 + Level 6.7 Fighting
 - Level 10.0 Short Blades
 - Level 5.8 Ranged Weapons
 + Level 2.4 Throwing
 + Level 11.5 Dodging
 + Level 13.9 Stealth
 * Level 1.6 Shields
 * Level 2.2 Spellcasting
 * Level 2.4 Transmutations
 * Level 1.2 Invocations
 + Level 5.0 Evocations


You had 12 spell levels left.
You knew the following spells:

 Your Spells              Type           Power      Damage    Failure   Level
a - Wereblood             Tmut           5%         N/A       36%         2

Your spell library contained the following spells:

 Spells                   Type           Power      Damage    Failure   Level
 Beastly Appendage        Tmut           10%        N/A       24%         1
 Passwall                 Tmut/Erth      2%         N/A       52%         2
 Freeze                   Ice            4%         1d3       54%         1
 Kiss of Death            Conj/Necr      4%         2d5       54%         1
 Sandblast                Erth           2%         2d4       54%         1
 Cigotuvi's Dreadful Rot  Necr/Pois/Air  2%         N/A       69%         2
 Ensorcelled Hibernation  Hex/Ice        2%         N/A       69%         2
 Poisonous Vapours        Pois/Air       2%         N/A       69%         2
 Spider Form              Tmut/Pois      3%         N/A       75%         3
 Frozen Ramparts          Ice            2%         1d1       89%         3
 Hailstorm                Conj/Ice       1%         3d3       89%         3
 Mephitic Cloud           Conj/Pois/Air  1%         N/A       89%         3
 Stone Arrow              Conj/Erth      2%         3d7       89%         3
 Swiftness                Air            1%         N/A       89%         3
 Vhi's Electric Charge    Tloc/Air       2%         N/A       89%         3
 Ice Form                 Ice/Tmut       3%         N/A       98%         4
 Arcjolt                  Conj/Air       0%         1d10      100%        5
 Irradiate                Conj/Tmut      1%         3d12      100%        5
 Simulacrum               Ice/Necr       0%         N/A       100%        6
 Maxwell's Capacitive Co  Air            0%         ∞         100%        8


Dungeon Overview and Level Annotations

Branches:
Dungeon (11/15)            Temple (1/1) D:7            Lair (0/5) D:9
    Orc (0/2) D:11         Bailey (visited)

Altars:
Ashenzari
Cheibriados
Dithmenos
Elyvilon
Fedhas
Gozag
Hepliaklqana
Kikubaaqudgha
Makhleb
Nemelex Xobeh
Okawaru
Qazlal
Ru
Sif Muna
Trog
Uskayaw
Vehumet
Wu Jian
Xom
Yredelemnul
Zin
The Shining One

Shops:
D:4 (   D:5 [?*:   D:7 !   D:9 [   D:11 [

Annotations:
D:1 dig for scroll of vulnerability


Innate Abilities, Weirdness & Mutations

You are very small and have problems with some larger weapons.
You are too small for most types of armour.
You have supernaturally acute eyesight. (SInv)
You cover ground extremely quickly. (Speed+++)


Message History

The boulder beetle seems less confused.
The boulder beetle completely misses you.
You hit the boulder beetle but do no damage.
The boulder beetle is moderately wounded.
You puncture the boulder beetle!
The boulder beetle is heavily wounded.
The boulder beetle completely misses you.
You hit the boulder beetle.
The boulder beetle is heavily wounded.
You hit the boulder beetle but do no damage.
The boulder beetle is heavily wounded.
The boulder beetle leaps!
Throw: 20 darts (poison)
Press: ? - help, Q - select action, (/) - cycle Shift-Dir - straight line, f - boulder beetle
Aim: a boulder beetle (heavily wounded, 92% to hit)
You throw a poisoned dart.
The poisoned dart hits the boulder beetle.
The boulder beetle is poisoned.
The boulder beetle is heavily wounded.
Throw: 19 darts (poison)
Press: ? - help, Q - select action, (/) - cycle Shift-Dir - straight line, f/p - boulder beetle
Aim: a boulder beetle (severely wounded, poisoned, 92% to hit)
You throw a poisoned dart.
The poisoned dart hits the boulder beetle.
The boulder beetle looks even sicker.
The boulder beetle is severely wounded.
Throw: 18 darts (poison)
Press: ? - help, Q - select action, (/) - cycle Shift-Dir - straight line, f/p - boulder beetle
Aim: a boulder beetle (severely wounded, very poisoned, 92% to hit)
You throw a poisoned dart.
The poisoned dart hits the boulder beetle.
The boulder beetle looks even sicker.
The boulder beetle is severely wounded.
The boulder beetle waves its antennae.
The boulder beetle curls into a ball and begins rolling!
You hit the boulder beetle.
The boulder beetle is almost dead.
The boulder beetle hits you!!!
Ouch! That really hurt!
You die...

##).................. ##.....#
#.................... #....#.#
##...................##.##....
##.#.........?........#......#
####..#.........°((........##..<#
#.##...........°.#.........##..#.
..##...........°###...........##.
......[........B###..............
##..##..........@##..#.....##.#..
...###..............##....###...#
.#.####.##.##........#....^ #.###
.#..##..#####..................
.#.......###...................
......#...#.....................
.)).........................
.)).....................
.))...............


You could see a boulder beetle (rolling, very poisoned).

Vanquished Creatures
  A two-headed ogre (D:8)
  Pikel (D:8)
  2 gargoyles
  3 trolls
  2 hornets (D:10)
  A wyvern (D:10)
  15 yaks (D:8)
  Grum (D:10)
  A steam dragon (D:9)
  Menkaure (D:4)
  3 water moccasins
  A black bear (D:8)
  2 ice beasts (D:5)
  16 orc warriors
  A sky beast (D:7)
  7 wolves
  An ogre (D:6)
  14 centaurs
  A lemure (D:8)
  4 kobold brigands
  3 bullfrogs
  5 scorpions
  2 gnoll sergeants
  14 wights
  12 killer bees
  A vampire bat (D:3)
  4 electric eels (D:9)
  5 hounds
  2 jellies (D:5)
  4 orc priests
  Crazy Yiuf (D:3)
  A gnoll bouda (D:4)
  4 iguanas
  8 orc wizards
  15 gnolls
  17 adders
  3 shadow imps (D:6)
  2 white imps (D:6)
  2 ufetubi (D:5)
  3 worms
  2 dart slugs
  3 fire bats (D:3)
  58 orcs
  2 spectral bats (D:3)
  3 bat skeletons (D:3)
  A bat zombie (D:3)
  5 endoplasms
  3 giant cockroaches
  7 goblins
  13 hobgoblins
  6 jackals
  23 kobolds
  4 quokkas
  9 ball pythons
  19 bats
  A bat simulacrum (D:3)
  10 frilled lizards
  6 rats
361 creatures vanquished.

Notes
Turn   | Place    | Note
-------+----------+-------------------------------------------
     0 | D:1      | monsoonserge the Spriggan Hunter began the quest for the
                  | Orb.
     0 | D:1      | Reached XP level 1. HP: 10/10 MP: 2/2
   104 | D:1      | Reached XP level 2. HP: 14/14 MP: 3/3
   464 | D:1      | Reached XP level 3. HP: 18/18 MP: 4/4
  1138 | D:1      | Reached skill level 5 in Ranged Weapons
  1328 | D:2      | Reached XP level 4. HP: 23/23 MP: 3/5
  1913 | D:3      | Identified the +0 pair of gloves "Penuont" {+Inv rElec
                  | rPois Str+4}
  2045 | D:3      | Identified the +11 dagger of Peace {speed, rElec rF++ rN+}
  2182 | D:3      | Reached XP level 5. HP: 26/26 MP: 6/6
  2300 | D:3      | Reached skill level 1 in Short Blades
  2300 | D:3      | Reached skill level 2 in Stealth
  2395 | D:3      | Found an iron altar of Okawaru.
  2395 | D:3      | Found a glowing silver altar of Zin.
  2402 | D:3      | Found a transporter.
  2407 | D:3      | Reached XP level 6. HP: 32/32 MP: 7/7
  2411 | D:3      | Found a transporter.
  2670 | D:3      | Reached skill level 3 in Stealth
  2899 | D:3      | Found a runed translucent door.
  2900 | D:3      | Noticed Crazy Yiuf
  2907 | D:3      | Killed Crazy Yiuf
  2908 | D:3      | Reached skill level 4 in Stealth
  3180 | D:4      | Reached XP level 7. HP: 25/36 MP: 4/8
  3275 | D:4      | Noticed Menkaure
  3558 | D:4      | Killed Menkaure
  3559 | D:4      | Reached skill level 5 in Dodging
  3559 | D:4      | Reached skill level 5 in Stealth
  3568 | D:4      | Found Imait's Antique Weapon Shoppe.
  3800 | D:5      | Entered Level 5 of the Dungeon
  3992 | D:5      | Found Opnoruer's Book Boutique.
  4019 | D:5      | Reached skill level 1 in Evocations
  4056 | D:5      | Reached skill level 5 in Short Blades
  4059 | D:5      | Found Lyfy's Assorted Antiques.
  4083 | D:5      | Bought a scorched pewter ring for 145 gold pieces
  4083 | D:5      | Identified the ring of Ynonotz {rElec rF- Str-4 Dex+8 SInv}
                  | (You bought it in a shop on level 5 of the Dungeon)
  4083 | D:5      | Bought a scroll labelled PYISAEPPAO for 29 gold pieces
  4364 | D:5      | Found Ivvufit's Antique Armour Shoppe.
  4367 | D:5      | Bought a runed robe for 85 gold pieces
  4407 | D:5      | Reached XP level 8. HP: 40/40 MP: 9/9
  4415 | D:5      | Found Ethufre's Magic Scroll Shoppe.
  4440 | D:5      | Reached skill level 6 in Stealth
  4552 | D:5      | Identified the +5 flail "Keunlo" {flame, Drain rF+ Will+}
  5345 | D:6      | Reached skill level 7 in Stealth
  5557 | D:6      | Found a snail-covered altar of Cheibriados.
  5645 | D:5      | Bought a scroll of teleportation for 39 gold pieces
  5922 | D:6      | Reached skill level 8 in Stealth
  5922 | D:6      | Reached XP level 9. HP: 44/44 MP: 10/10
  6210 | D:7      | Found a staircase to the Ecumenical Temple.
  6226 | Temple   | Entered the Ecumenical Temple
  6641 | D:7      | Found Sailech's Distillery.
  6734 | D:7      | Bought a potion of curing for 39 gold pieces
  6852 | D:7      | Got the Disquisition on the Hornet and the Serac
  7187 | D:7      | Reached skill level 9 in Stealth
  7485 | D:7      | Reached skill level 10 in Short Blades
  7640 | D:8      | Reached skill level 10 in Stealth
  7663 | D:8      | Reached XP level 10. HP: 28/50 MP: 5/11
  7819 | D:8      | Noticed a two-headed ogre
  7822 | D:8      | Got the Precepts of Changing Nightshade
  7830 | D:8      | Killed a two-headed ogre
  7831 | D:8      | Reached skill level 11 in Stealth
  7979 | D:8      | Noticed Pikel
  7986 | D:8      | Killed Pikel
  7990 | D:8      | Found a broken altar of Ashenzari.
  8064 | D:9      | Found a flagged portal.
  8153 | D:7      | Bought a potion of heal wounds for 65 gold pieces
  8239 | Bailey   | Entered a bailey
  8301 | Bailey   | Reached skill level 12 in Stealth
  8598 | Bailey   | Reached skill level 5 in Fighting
  8845 | Bailey   | Reached skill level 10 in Dodging
  8974 | Bailey   | Reached skill level 1 in Throwing
  9127 | Bailey   | Reached skill level 13 in Stealth
  9423 | Bailey   | Identified the +1 longbow of Charity {elec, Contam Dex+4}
  9746 | D:9      | Found Yfeases's Armour Boutique.
  9819 | D:8      | Reached XP level 11. HP: 43/56 MP: 8/12
 10109 | D:9      | Found a shimmering altar of Xom.
 10280 | D:9      | Found a shadowy altar of Dithmenos.
 10708 | D:9      | Found a staircase to the Lair.
 10887 | D:9      | Learned a level 2 spell: Wereblood
 10931 | D:10     | Entered Level 10 of the Dungeon
 11396 | D:10     | Noticed a two-headed ogre
 11552 | D:10     | Noticed Grum
 11556 | D:10     | Reached skill level 1 in Spellcasting
 11563 | D:10     | Reached skill level 1 in Transmutations
 11573 | D:10     | Killed Grum
 11700 | D:10     | Found a hide-covered altar of Uskayaw.
 11703 | D:10     | Became a worshipper of Uskayaw the Reveller
 11716 | D:10     | Found a bloodstained altar of Trog.
 11878 | D:10     | Reached * piety under Uskayaw
 11883 | D:10     | Reached ** piety under Uskayaw
 11884 | D:10     | Reached skill level 1 in Shields
 11936 | D:10     | Reached *** piety under Uskayaw
 11941 | D:10     | Reached **** piety under Uskayaw
 12070 | D:10     | Reached skill level 5 in Evocations
 12403 | D:10     | Reached skill level 1 in Invocations
 12516 | D:11     | Found a stormy altar of Qazlal.
 12524 | D:11     | Found a staircase to the Orcish Mines.
 12529 | D:11     | Found Amey's Armour Boutique.
 12657 | D:11     | Noticed a boulder beetle
 12707 | D:11     | Mangled by a boulder beetle

Illustrated notes

Levels and vault maps discovered:
D:1:      mushboom_english_gardens, layout_basic, st_stairs_9, item_on_display_a
D:2:      layout_rooms, minmay_vboxes
D:3:      minmay_skewed_foursquare, layout_loops_ring,
          gammafunk_temple_overflow_arena, minmay_misc_feat_encased,
          grunt_ministairs_9, goddamned_bats, uniq_crazy_yiuf_cottage
D:4:      layout_basic, serial_shops, shop, uniq_menkaure
D:5:      layout_loops_corners, serial_shops, nicolae_square_shop,
          nicolae_stop_n_shop_2, shop, nicolae_shop_hallway_stairs,
          grunt_ministairs_10, kennysheep_generic_room_7
D:6:      layout_loops_cross, cheibriados_altar_1
D:7:      layout_gridville, minmay_temple_entry_mini_moons, serial_shops,
          nicolae_shop_competitors_out_of_business
D:8:      layout_basic, mainiacjoe_overflow_alcove_4,
          hangedman_abyss_or_decor_stabs, chequers_hall_statues_wall_a,
          uniq_pikel
D:9:      layout_rooms, lemuel_tele_altar, mainiacjoe_overflow_boulevard,
          erik_lair_island, enter_bailey_4, serial_shops, shop
D:10:     layout_stronghold, mainiacjoe_overflow_swirl, uniq_grum
D:11:     layout_cave_pools, orc_david_3, minmay_misc_feat_five,
          nicolae_qazlal_scattered_showers
Temple:   compressed_dpeg_circular_temple

Skill      XL: |  1  2  3  4  5  6  7  8  9 10 11 |
---------------+----------------------------------+-----
Dodging        | 3 4 5 7 10 11 | 11.5
Ranged Weapons | 5 |  5.8
Fighting       | 2 3 4 5 6 |  6.7
Short Blades   | 2 3 5 8 10 | 10.0
Stealth        | 2 4 5 8 10 13 | 13.9
Evocations     | 2 4 5 |  5.0
Throwing       | 1 2 |  2.4
Spellcasting   | 2 |  2.2
Transmutations | 2 |  2.4
Shields        | 1 |  1.6
Invocations    | 1 |  1.2

Action                     |  1- 3 |  4- 6 |  7- 9 | 10-12 || total
---------------------------+-------+-------+-------+-------++-------
  Melee: Dagger            |       |   117 |   332 |   502 ||   951
         Punch             |       |       |     8 |     3 ||    11
   Fire: Shortbow          |   142 |    67 |       |    92 ||   301
         Sling             |       |       |       |    35 ||    35
  Throw: Dart              |       |       |       |    17 ||    17
 Invoke: Stomp             |       |       |       |     3 ||     3
         Line Pass         |       |       |       |     1 ||     1
  Evoke: Wand              |       |       |       |     4 ||     4
    Use: Scroll            |       |     5 |     5 |       ||    10
   Stab: Sleeping          |       |     5 |    12 |     9 ||    26
         Distracted        |       |     1 |     4 |     4 ||     9
         Paralysed         |       |       |       |     1 ||     1
 Armour: Robe              |    14 |    16 |    19 |    17 ||    66
  Dodge: Dodged            |    73 |   113 |   199 |   387 ||   772
  Block: Buckler           |       |       |       |    53 ||    53
         Reflection        |       |       |       |     3 ||     3
